 Dungeon Crawl Stone Soup version 0.27-a0-1105-g946c659c87 (webtiles) character file.

Game seed: 7999338536941644528

64 thrall606 the Skirmisher (level 3, -1/29 HPs)
             Began as a Demonspawn Abyssal Knight on Apr 29, 2021.
             Was a Believer of Lugonu.
             Slain by an orc
             ... wielding a +0 flail
              (6 damage)
             ... on level 3 of the Dungeon.
             The game lasted 00:04:29 (2966 turns).

thrall606 the Skirmisher (DsAK)                     Turns: 2966, Time: 00:04:29

Health: -1/29      AC: 11    Str: 13    XL:     3   Next: 91%
Magic:  4/4        EV:  3    Int: 13    God:    Lugonu [**....]
Gold:   94         SH:  0    Dex: 12    Spells: 2/2 levels left

rFire    . . .     SeeInvis .   f - +0 halberd
rCold    . . .     Faith    .   (shield currently unavailable)
rNeg     . . .     Spirit   .   c - +0 plate armour
rPois    .         Reflect  .   (no helmet)
rElec    .         Harm     .   (no cloak)
rCorr    .         Rampage  .   (no gloves)
Will     .....                  (no boots)
Stlth    ..........             (no amulet)
HPRegen  0.09/turn              (no ring)
MPRegen  0.18/turn              (no ring)

@: studying Long Blades
A: magic regeneration
a: Renounce Religion, Depart the Abyss, Bend Space


You were on level 3 of the Dungeon.
You worshipped Lugonu.
Lugonu was pleased with you.
You visited 1 branch of the dungeon, and saw 3 of its levels.
You visited the Abyss 1 time.

You collected 94 gold pieces.

Inventory:

Hand Weapons
 a - a +1 falchion
 f - a +0 halberd (weapon)
Armour
 b - a +0 leather armour
 c - a +0 plate armour (worn)
Scrolls
 e - 2 scrolls of identify {unknown}
 g - a scroll of immolation {unknown}
 i - 2 scrolls of amnesia {unknown}
 j - a scroll of teleportation {unknown}
Potions
 d - 4 potions of curing {unknown}
 h - a potion of flight {unknown}


   Skills:
 + Level 3.4 Fighting
 + Level 2.9 Long Blades
 + Level 1.0 Polearms
 + Level 2.2 Armour
 + Level 1.1 Dodging
 + Level 2.5 Invocations


You had 2 spell levels left.
You didn't know any spells.
Your spell library was empty.

Dungeon Overview and Level Annotations

Branches:
Dungeon (3/15)

Altars:

Shops:
D:1 =

Annotations:
D:3 Ijyb


Innate Abilities, Weirdness & Mutations

You regenerate magic rapidly.


Message History

The bat hits you but does no damage. The bat hits you but does no damage.
The bat hits you but does no damage. The bat hits you but does no damage.
The bat hits you. The bat hits you but does no damage.
The bat hits you but does no damage. The bat hits you but does no damage. x2
You barely miss the bat. The bat hits you but does no damage. x2
The orc hits you but does no damage.
You miss the bat. The bat hits you but does no damage. x2
The orc hits you but does no damage.
You completely miss the bat. The bat hits you but does no damage. x3
The orc barely misses you. The bat hits you but does no damage.
You closely miss the bat. The bat hits you but does no damage.
The orc hits you but does no damage. The bat hits you but does no damage.
The orc hits you but does no damage.
You closely miss the bat. The bat hits you but does no damage. x3
The orc hits you but does no damage. The bat hits you but does no damage.
You closely miss the bat. The bat hits you but does no damage.
The orc hits you with a +0 flail. The bat hits you.
The orc hits you with a +0 flail.
* * * LOW HITPOINT WARNING * * *
You closely miss the bat. The bat hits you but does no damage.
The bat hits you.
* * * LOW HITPOINT WARNING * * *
The orc hits you but does no damage. The bat hits you but does no damage.
You slash the bat!
You kill the bat!
Lugonu accepts your kill. The orc hits you with a +0 flail.
* * * LOW HITPOINT WARNING * * *
Something hits you but does no damage. The orc hits you but does no damage.
You miss something. Something hits you but does no damage.
The orc hits you but does no damage.
You miss something. Something hits you but does no damage.
The orc barely misses you. Something hits you but does no damage.
The orc barely misses you.
Your plate armour prevents you from hitting something.
Something hits you but does no damage. The orc hits you with a +0 flail.
You die...

#......#.#
######.#.# ###.#.#
#<..#.# #######
##########.# ......#
#..........# ......#
#.##########
....).#########o#.##
.....o.....oogl{@.>#
....[.#o#########.##
......#.# #...#
......#.# #.###
......#.# #.#
......#.# #.#
......#.#######.#
......#.........#
#######..#


You could see Ijyb, 3 orcs and a frilled lizard.

Vanquished Creatures
  An adder (D:2)
  A dart slug (D:3)
  4 orcs (D:3)
  9 ball pythons
  3 endoplasms
  4 giant cockroaches
  4 goblins
  3 hobgoblins
  3 jackals (D:1)
  2 quokkas (D:2)
  4 bats
  2 frilled lizards
  2 kobolds (D:1)
  3 rats
45 creatures vanquished.

Notes
Turn   | Place    | Note
-------+----------+-------------------------------------------
     0 | Abyss:1  | thrall606 the Demonspawn Abyssal Knight began the quest for
                  | the Orb.
     0 | Abyss:1  | Reached XP level 1. HP: 18/18 MP: 2/2
     0 | D:1      | Escaped the Abyss
   235 | D:1      | Reached * piety under Lugonu
   270 | D:1      | Found a faded altar of an unknown god.
   374 | D:1      | Found Wyqyr's Jewellery Shop.
   614 | D:1      | Gained mutation: You regenerate magic rapidly. [demonic
                  | ancestry]
   614 | D:1      | Reached XP level 2. HP: 23/24 MP: 3/3
  1267 | D:2      | Reached skill level 1 in Dodging
  1267 | D:2      | Reached XP level 3. HP: 10/29 MP: 4/4
  2147 | D:2      | Reached ** piety under Lugonu
  2688 | D:3      | Noticed Ijyb
  2727 | D:3      | Reached skill level 1 in Polearms
  2966 | D:3      | Slain by an orc

Illustrated notes

Levels and vault maps discovered:
D:1:      elethiomel_arrival_infinity_welcomes_careful_drivers, layout_basic,
          serial_shops, nicolae_shop_behind_doors,
          shapermc_ecumenical_altar_notcrosses
D:2:      layout_basic, minmay_tall_x
D:3:      layout_basic, minmay_overflow_temple_hex,
          nicolae_tso_besieged_by_evil, ebering_ghost_disaster_area, uniq_ijyb

Skill      XL: |  1  2  3 |
---------------+----------+-----
Armour         | 2 |  2.2
Long Blades    | 2 |  2.9
Dodging        | 1 |  1.1
Polearms       | 1 |  1.0
Fighting       | |  3.4
Invocations    | |  2.5

Action                   || total
-------------------------++-------
Melee: Falchion          ||    84
       Halberd           ||    84
Invok: Depart the Abyss  ||     1
Armor: Plate armour      ||   204
       Leather armour    ||     4
Dodge: Dodged            ||    53
       Rpst.: Falchion   ||    10

Table legend: (Time is in decaauts)
 A = Elapsed time spent in this place.
 B = Non-inter-level travel time spent in this place.
 C = Inter-level travel time spent in this place.
 D = Time resting spent in this place.
 E = Time spent auto-exploring this place.
 F = Levels seen in this place.
 G = Mean time per level.
                   A        B        C        D        E       F      G
               +--------+--------+--------+--------+--------+-----+--------+
         Total |   3020 |   3020 |      0 |      0 |   2355 |   4 |  755.0 |
       Dungeon |   3020 |   3020 |      0 |      0 |   2355 |   3 | 1006.7 |
         Abyss |      0 |      0 |      0 |      0 |      0 |   1 |    0.0 |
               +--------+--------+--------+--------+--------+-----+--------+

Top non-repeatable levels by time:
     D:2: 1373 daAuts
     D:1: 1218 daAuts
     D:3: 429 daAuts
